 Dungeon Crawl Stone Soup version 0.30-a0-172-gc5509c9e31 (webtiles) character file.

Game seed: 8525670384210243881

770 qw the Shield-Bearer (level 7, -1/44 HPs)
             Began as a Gargoyle Fighter on Oct 1, 2022.
             Slain by a yak (4 damage)
             ... on level 6 of the Dungeon.
             The game lasted 00:03:34 (4676 turns).

qw the Shield-Bearer (Gargoyle Fighter)             Turns: 4676, Time: 00:03:35

Health: -1/44      AC: 19    Str: 20 (21) XL:     7   Next: 82%
Magic:  7/7        EV:  6    Int:  8 (9)  God:
Gold:   276        SH: 13    Dex:  8 (9)  Spells: 6/6 levels left

rFire   . . .      SeeInvis .    Y - +1 war axe
rCold   . . .      Faith    .    e - +0 kite shield
rNeg    + . .      Spirit   .    j - +0 chain mail
rPois   inf        Reflect  +    h - +2 hat
rElec   +          Harm     .    (no cloak)
rCorr   .          Rampage  .    q - +2 pair of gloves
Will    .....                    (no boots)
Stlth   ..........               i - amulet of reflection
HPRegen 0.27/turn                (no ring)
MPRegen 0.10/turn                (no ring)

@: about to teleport
A: sickness immunity, AC +4, negative energy resistance 1, electricity
resistance, torment resistance 1, petrification resistance
a: no special abilities


You were on level 6 of the Dungeon.
You visited 1 branch of the dungeon, and saw 6 of its levels.

You collected 276 gold pieces.


Innate Abilities, Weirdness & Mutations

You are immune to sickness and miasma.
Your stone body is resilient. (AC +4)
You are immune to poison.
You resist negative energy. (rN+)
You are resistant to electric shocks. (rElec)
You are resistant to unholy torment.
You are immune to petrification.


   Skills:
 - Level 4.4 Fighting
 + Level 6.0 Axes
 - Level 3.2 Armour
 - Level 6.1 Shields


You had 6 spell levels left.
You didn't know any spells.
Your spell library was empty.

Inventory:

Hand Weapons
 m - the +8 whip of Zugelloo {flame, *Slow rPois rF+++ Str-2}
   (You found it on level 4 of the Dungeon)

   It burns those it strikes, dealing additional fire damage.
   Str:       It affects your strength (-2).
   rF:        It renders you almost immune to fire.
   rPois:     It protects you from poison.
   *Slow:     It may slow you when you take damage.
 o - a +0 flail
 Y - a +1 war axe (weapon)
Armour
 e - a +0 kite shield (worn)
 h - a +2 hat (worn)
 j - a +0 chain mail (worn)
 p - a +0 ring mail of fire resistance
 q - a +2 pair of gloves (worn)
Jewellery
 i - an amulet of reflection (around neck)
Scrolls
 b - 2 scrolls of identify
Potions
 a - 3 potions of haste
 c - 2 potions of lignification
 d - 3 potions of might
 f - a potion of heal wounds {unknown}
 g - a potion of ambrosia {unknown}
 k - 2 potions of curing
 l - a potion of flight {unknown}
 n - a potion of cancellation {unknown}

Dungeon Overview and Level Annotations

Branches:
Dungeon (6/15)
 Temple: D:4-7

Altars:


Message History

You barely miss the orc.
The orc is almost dead.
You slash the yak! You closely miss the yak. You closely miss the white imp.
You block the yak's attack. You block the white imp's attack.
The yak gores you! The orc barely misses you.
The yak snorts and paws the ground.
You hit the orc.
You kill the orc!
You hit the yak but do no damage. You barely miss the white imp.
You hit the yak but do no damage.
The yak gores you but does no damage. x2
The white imp sputters.
You block the white imp's attack. The white imp gestures at you.
The puff of frost hits you. The yak gores you!
The yak gores you but does no damage.
You hit the yak.
The yak is moderately wounded.
You hit the yak. You hit the white imp. The yak gores you but does no damage.
The white imp gestures at you. The puff of frost hits you.
The yak gores you but does no damage.
You slash the yak!
The yak is heavily wounded.
You hit the yak but do no damage. You closely miss the white imp.
The yak gores you. The white imp gestures at you.
The puff of frost reflects off an invisible shield around you!
The puff of frost hits the white imp.
The white imp resists.
The yak gores you!
4675 ||| READING scroll of teleportation.
As you read the scroll of teleportation, it crumbles to dust.
You feel strangely unstable. The yak gores you but does no damage.
The white imp barely misses you. The yak gores you but does no damage.
You barely miss the yak.
The yak is heavily wounded.
You barely miss the white imp. You hit the yak but do no damage.
You block the yak's attack. The yak completely misses you.
You block the white imp's attack. x2; The yak gores you.
You die...

###.##.......##
.......(<.....# #
#.#.##........#######.#
#.#.###..........Y.....
#.#.# #....#..#........
#...# #.#......Y....Y.#
...####.#.##..#Y####Y. #
#...<...#.##..#Y####....
#.#######.##...Y@5...###
#.# #.......)....#}# #.#
#.###.#..###.### #.#
#?#...# ... #.# ##.##.#
. #.# ## #.# ..# ... .##
... .#


You could see 4 yaks and a white imp.

Vanquished Creatures
  A black bear (D:4)
  A centaur (D:5)
  2 bullfrogs (D:5)
  A necrophage (D:5)
  A howler monkey (D:5)
  2 hounds (D:5)
  A jelly (D:5)
  2 orc wizards (D:5)
  6 gnolls (D:5)
  6 adders
  A white imp (D:6)
  An ufetubus (D:5)
  2 dart slugs
  15 orcs
  9 bats
  7 endoplasms
  4 giant cockroaches
  5 goblins
  8 hobgoblins
  8 jackals
  7 kobolds
  3 quokkas
  8 ball pythons
  5 frilled lizards
  4 rats (D:3)
110 creatures vanquished.

Notes
Turn   | Place    | Note
-------+----------+-------------------------------------------
     0 | D:1      | qw the Gargoyle Fighter began the quest for the Orb.
     0 | D:1      | Reached XP level 1. HP: 14/14 MP: 1/1
     0 | D:1      | 0 ||| qw: Version: 0.2-a-13-gfc7b4b4
     0 | D:1      | 0 ||| qw: Game counter: 1794
     0 | D:1      | 0 ||| qw: Always use a shield: true
     0 | D:1      | 0 ||| qw: God list: Okawaru
     0 | D:1      | 0 ||| qw: Allow faded altars: false
     0 | D:1      | 0 ||| qw: Do Orc after D:15 true
     0 | D:1      | 0 ||| qw: Do second Lair branch before Depths: true
     0 | D:1      | 0 ||| qw: Lair rune preference: random
     0 | D:1      | 0 ||| qw: Plans: Normal, Zot:1-4, God:TSO, Crypt, Tomb,
                  | Pan, Slime:5, Hells, Abyss, Orb
     0 | D:1      | 0 ||| PLANNING D:1-11
    35 | D:1      | 35 ||| Stepping ~*~*~tactically~*~*~ (stealth).
    47 | D:1      | Reached XP level 2. HP: 19/19 MP: 2/2
   608 | D:1      | You fall into a shaft and drop 1 floor!
   617 | D:2      | 617 ||| Stepping ~*~*~tactically~*~*~ (stealth).
   628 | D:2      | 628 ||| Stepping ~*~*~tactically~*~*~ (stealth).
   632 | D:2      | Reached skill level 3 in Axes
   641 | D:2      | 641 ||| Stepping ~*~*~tactically~*~*~ (stealth).
   642 | D:2      | 642 ||| Stepping ~*~*~tactically~*~*~ (stealth).
   649 | D:2      | Reached XP level 3. HP: 23/23 MP: 3/3
   681 | D:2      | 681 ||| Stepping ~*~*~tactically~*~*~ (stealth).
   682 | D:2      | 682 ||| Stepping ~*~*~tactically~*~*~ (stealth).
   739 | D:2      | 739 ||| READING scroll labelled RUNULA TATUFU.
   740 | D:2      | 740 ||| READING scroll labelled DUM BEGYECLY.
   741 | D:2      | 741 ||| READING scroll labelled UCWUUFF VOREZ.
   742 | D:2      | 742 ||| READING 3 scrolls labelled JAMMI USYU.
   743 | D:2      | 743 ||| READING scroll labelled FAUNIVV HORIA.
   744 | D:2      | 744 ||| READING scroll labelled IZIEXOW VUACOBB.
   745 | D:2      | 745 ||| DROPPING 2 scrolls of noise.
   817 | D:1      | 817 ||| DROPPING +0 club.
  1081 | D:1      | 1081 ||| UPGRADING to +0 kite shield.
  1091 | D:1      | 1091 ||| DROPPING +0 buckler.
  1092 | D:1      | 1092 ||| READING scroll labelled IWYMAIDOZE.
  1118 | D:2      | 1118 ||| STAIRDANCE
  1703 | D:2      | 1703 ||| UPGRADING to +0 pair of gloves.
  1708 | D:2      | 1708 ||| UPGRADING to +2 hat.
  1713 | D:2      | 1713 ||| UPGRADING to amulet of reflection.
  1718 | D:2      | 1718 ||| READING scroll labelled GABRURAFEH.
  1719 | D:2      | 1719 ||| READING scroll labelled EBAN LONOT PALEFYR.
  1756 | D:3      | 1756 ||| Stepping ~*~*~tactically~*~*~ (stealth).
  1758 | D:3      | 1758 ||| Stepping ~*~*~tactically~*~*~ (stealth).
  1789 | D:3      | Reached XP level 4. HP: 28/28 MP: 4/4
  1880 | D:3      | 1880 ||| Stepping ~*~*~tactically~*~*~ (stealth).
  1881 | D:3      | 1881 ||| Stepping ~*~*~tactically~*~*~ (stealth).
  1922 | D:3      | Found a faded altar of an unknown god.
  1927 | D:3      | 1927 ||| Stepping ~*~*~tactically~*~*~ (hiding).
  2490 | D:3      | 2490 ||| UPGRADING to +0 chain mail.
  2500 | D:3      | 2500 ||| DROPPING +0 scale mail.
  2501 | D:3      | 2501 ||| DRINKING 2 fizzy brown potions.
  2517 | D:4      | 2517 ||| Stepping ~*~*~tactically~*~*~ (stealth).
  2625 | D:4      | Identified the +8 whip of Zugelloo {flame, *Slow rPois
                  | rF+++ Str-2}
  2627 | D:4      | 2627 ||| DROPPING +0 mace.
  2639 | D:4      | 2639 ||| READING scroll of enchant armour.
  2639 | D:4      | 2639 ||| ENCHANTING +0 pair of gloves.
  2877 | D:4      | 2877 ||| READING scroll labelled GOTHRY HIGHION.
  2878 | D:4      | 2878 ||| DRINKING 2 lumpy dark potions.
  2915 | D:4      | 2915 ||| Stepping randomly (stuck).
  2916 | D:4      | 2916 ||| Stepping randomly (stuck).
  2947 | D:4      | 2947 ||| Stepping randomly (stuck).
  2948 | D:4      | 2948 ||| Stepping randomly (stuck).
  2949 | D:4      | 2949 ||| Stepping randomly (stuck).
  2950 | D:4      | 2950 ||| Stepping randomly (stuck).
  2951 | D:4      | 2951 ||| Stepping randomly (stuck).
  2952 | D:4      | 2952 ||| Stepping randomly (stuck).
  2953 | D:4      | 2953 ||| Stepping randomly (stuck).
  2954 | D:4      | 2954 ||| Stepping randomly (stuck).
  2955 | D:4      | 2955 ||| Stepping randomly (stuck).
  2956 | D:4      | 2956 ||| Stepping randomly (stuck).
  2957 | D:4      | 2957 ||| Stepping randomly (stuck).
  2958 | D:4      | 2958 ||| Stepping randomly (stuck).
  2959 | D:4      | 2959 ||| Stepping randomly (stuck).
  2960 | D:4      | 2960 ||| Stepping randomly (stuck).
  2961 | D:4      | 2961 ||| Stepping randomly (stuck).
  2962 | D:4      | 2962 ||| Stepping randomly (stuck).
  2963 | D:4      | 2963 ||| Stepping randomly (stuck).
  2964 | D:4      | 2964 ||| Stepping randomly (stuck).
  2965 | D:4      | 2965 ||| Stepping randomly (stuck).
  2966 | D:4      | 2966 ||| Stepping randomly (stuck).
  2967 | D:4      | 2967 ||| Stepping randomly (stuck).
  2968 | D:4      | 2968 ||| Stepping randomly (stuck).
  2969 | D:4      | 2969 ||| Stepping randomly (stuck).
  2970 | D:4      | 2970 ||| Stepping randomly (stuck).
  2971 | D:4      | 2971 ||| Stepping randomly (stuck).
  2972 | D:4      | 2972 ||| Stepping randomly (stuck).
  2973 | D:4      | 2973 ||| Stepping randomly (stuck).
  2974 | D:4      | 2974 ||| Stepping randomly (stuck).
  2975 | D:4      | 2975 ||| Stepping randomly (stuck).
  2976 | D:4      | 2976 ||| Stepping randomly (stuck).
  2977 | D:4      | 2977 ||| Stepping randomly (stuck).
  2978 | D:4      | 2978 ||| Stepping randomly (stuck).
  2979 | D:4      | 2979 ||| Stepping randomly (stuck).
  2980 | D:4      | 2980 ||| Stepping randomly (stuck).
  2981 | D:4      | 2981 ||| Stepping randomly (stuck).
  2982 | D:4      | 2982 ||| Stepping randomly (stuck).
  2983 | D:4      | 2983 ||| Stepping randomly (stuck).
  2984 | D:4      | 2984 ||| Stepping randomly (stuck).
  2985 | D:4      | 2985 ||| Stepping randomly (stuck).
  2986 | D:4      | 2986 ||| Stepping randomly (stuck).
  2987 | D:4      | 2987 ||| Stepping randomly (stuck).
  2988 | D:4      | 2988 ||| Stepping randomly (stuck).
  2989 | D:4      | 2989 ||| Stepping randomly (stuck).
  2990 | D:4      | 2990 ||| Stepping randomly (stuck).
  2991 | D:4      | 2991 ||| Stepping randomly (stuck).
  2992 | D:4      | 2992 ||| Stepping randomly (stuck).
  2993 | D:4      | 2993 ||| Stepping randomly (stuck).
  2994 | D:4      | 2994 ||| Stepping randomly (stuck).
  2995 | D:4      | 2995 ||| Stepping randomly (stuck).
  2997 | D:4      | 2997 ||| Stepping randomly (stuck).
  2999 | D:4      | 2999 ||| Stepping randomly (stuck).
  3000 | D:4      | 3000 ||| Stepping randomly (stuck).
  3001 | D:4      | 3001 ||| Stepping randomly (stuck).
  3002 | D:4      | 3002 ||| Stepping randomly (stuck).
  3003 | D:4      | 3003 ||| Stepping randomly (stuck).
  3004 | D:4      | 3004 ||| Stepping randomly (stuck).
  3005 | D:4      | 3005 ||| Stepping randomly (stuck).
  3006 | D:4      | 3006 ||| Stepping randomly (stuck).
  3007 | D:4      | 3007 ||| Stepping randomly (stuck).
  3008 | D:4      | 3008 ||| Stepping randomly (stuck).
  3009 | D:4      | 3009 ||| Stepping randomly (stuck).
  3010 | D:4      | 3010 ||| Stepping randomly (stuck).
  3011 | D:4      | 3011 ||| Stepping randomly (stuck).
  3012 | D:4      | 3012 ||| Stepping randomly (stuck).
  3013 | D:4      | 3013 ||| Stepping randomly (stuck).
  3014 | D:4      | 3014 ||| Stepping randomly (stuck).
  3017 | D:4      | 3017 ||| Stepping randomly (stuck).
  3019 | D:4      | 3019 ||| Stepping randomly (stuck).
  3021 | D:4      | 3021 ||| Stepping randomly (stuck).
  3023 | D:4      | 3023 ||| Stepping randomly (stuck).
  3024 | D:4      | 3024 ||| Stepping randomly (stuck).
  3025 | D:4      | 3025 ||| Stepping randomly (stuck).
  3026 | D:4      | 3026 ||| Stepping randomly (stuck).
  3027 | D:4      | 3027 ||| Stepping randomly (stuck).
  3028 | D:4      | 3028 ||| Stepping randomly (stuck).
  3029 | D:4      | 3029 ||| Stepping randomly (stuck).
  3030 | D:4      | 3030 ||| Stepping randomly (stuck).
  3033 | D:4      | 3033 ||| Stepping randomly (stuck).
  3035 | D:4      | 3035 ||| Stepping randomly (stuck).
  3037 | D:4      | 3037 ||| Stepping randomly (stuck).
  3038 | D:4      | 3038 ||| Stepping randomly (stuck).
  3039 | D:4      | 3039 ||| Stepping randomly (stuck).
  3040 | D:4      | 3040 ||| Stepping randomly (stuck).
  3041 | D:4      | 3041 ||| Stepping randomly (stuck).
  3042 | D:4      | 3042 ||| Stepping randomly (stuck).
  3043 | D:4      | 3043 ||| Stepping randomly (stuck).
  3044 | D:4      | 3044 ||| Stepping randomly (stuck).
  3047 | D:4      | 3047 ||| Stepping randomly (stuck).
  3049 | D:4      | 3049 ||| Stepping randomly (stuck).
  3051 | D:4      | 3051 ||| Stepping randomly (stuck).
  3052 | D:4      | 3052 ||| Stepping randomly (stuck).
  3053 | D:4      | 3053 ||| Stepping randomly (stuck).
  3054 | D:4      | 3054 ||| Stepping randomly (stuck).
  3055 | D:4      | 3055 ||| Stepping randomly (stuck).
  3057 | D:4      | 3057 ||| Stepping randomly (stuck).
  3058 | D:4      | 3058 ||| Stepping randomly (stuck).
  3059 | D:4      | 3059 ||| Stepping randomly (stuck).
  3060 | D:4      | 3060 ||| Stepping randomly (stuck).
  3061 | D:4      | 3061 ||| Stepping randomly (stuck).
  3063 | D:4      | 3063 ||| Stepping randomly (stuck).
  3065 | D:4      | 3065 ||| Stepping randomly (stuck).
  3067 | D:4      | 3067 ||| Stepping randomly (stuck).
  3069 | D:4      | 3069 ||| Stepping randomly (stuck).
  3070 | D:4      | 3070 ||| Stepping randomly (stuck).
  3071 | D:4      | 3071 ||| Stepping randomly (stuck).
  3072 | D:4      | 3072 ||| Stepping randomly (stuck).
  3073 | D:4      | 3073 ||| Stepping randomly (stuck).
  3075 | D:4      | 3075 ||| Stepping randomly (stuck).
  3077 | D:4      | 3077 ||| Stepping randomly (stuck).
  3079 | D:4      | 3079 ||| Stepping randomly (stuck).
  3081 | D:4      | 3081 ||| Stepping randomly (stuck).
  3082 | D:4      | 3082 ||| Stepping randomly (stuck).
  3083 | D:4      | 3083 ||| Stepping randomly (stuck).
  3084 | D:4      | 3084 ||| Stepping randomly (stuck).
  3085 | D:4      | 3085 ||| Stepping randomly (stuck).
  3086 | D:4      | 3086 ||| Stepping randomly (stuck).
  3087 | D:4      | 3087 ||| Stepping randomly (stuck).
  3088 | D:4      | 3088 ||| Stepping randomly (stuck).
  3089 | D:4      | 3089 ||| Stepping randomly (stuck).
  3090 | D:4      | 3090 ||| Stepping randomly (stuck).
  3091 | D:4      | 3091 ||| Stepping randomly (stuck).
  3092 | D:4      | 3092 ||| Stepping randomly (stuck).
  3093 | D:4      | 3093 ||| Stepping randomly (stuck).
  3094 | D:4      | 3094 ||| Stepping randomly (stuck).
  3095 | D:4      | 3095 ||| Stepping randomly (stuck).
  3096 | D:4      | 3096 ||| Stepping randomly (stuck).
  3097 | D:4      | 3097 ||| Stepping randomly (stuck).
  3098 | D:4      | 3098 ||| Stepping randomly (stuck).
  3099 | D:4      | 3099 ||| Stepping randomly (stuck).
  3100 | D:4      | 3100 ||| Stepping randomly (stuck).
  3101 | D:4      | 3101 ||| Stepping randomly (stuck).
  3102 | D:4      | 3102 ||| Stepping randomly (stuck).
  3103 | D:4      | 3103 ||| Stepping randomly (stuck).
  3104 | D:4      | 3104 ||| Stepping randomly (stuck).
  3105 | D:4      | 3105 ||| Stepping randomly (stuck).
  3106 | D:4      | 3106 ||| Stepping randomly (stuck).
  3107 | D:4      | 3107 ||| Stepping randomly (stuck).
  3108 | D:4      | 3108 ||| Stepping randomly (stuck).
  3109 | D:4      | 3109 ||| Stepping randomly (stuck).
  3110 | D:4      | 3110 ||| Stepping randomly (stuck).
  3111 | D:4      | 3111 ||| Stepping randomly (stuck).
  3112 | D:4      | 3112 ||| Stepping randomly (stuck).
  3113 | D:4      | 3113 ||| Stepping randomly (stuck).
  3114 | D:4      | 3114 ||| Stepping randomly (stuck).
  3115 | D:4      | 3115 ||| Stepping randomly (stuck).
  3116 | D:4      | 3116 ||| Stepping randomly (stuck).
  3117 | D:4      | 3117 ||| Stepping randomly (stuck).
  3118 | D:4      | 3118 ||| Stepping randomly (stuck).
  3119 | D:4      | 3119 ||| Stepping randomly (stuck).
  3120 | D:4      | 3120 ||| Stepping randomly (stuck).
  3121 | D:4      | 3121 ||| Stepping randomly (stuck).
  3122 | D:4      | 3122 ||| Stepping randomly (stuck).
  3123 | D:4      | 3123 ||| Stepping randomly (stuck).
  3124 | D:4      | 3124 ||| Stepping randomly (stuck).
  3125 | D:4      | 3125 ||| Stepping randomly (stuck).
  3126 | D:4      | 3126 ||| Stepping randomly (stuck).
  3127 | D:4      | 3127 ||| Stepping randomly (stuck).
  3128 | D:4      | 3128 ||| Stepping randomly (stuck).
  3129 | D:4      | 3129 ||| Stepping randomly (stuck).
  3130 | D:4      | 3130 ||| Stepping randomly (stuck).
  3131 | D:4      | 3131 ||| Stepping randomly (stuck).
  3132 | D:4      | 3132 ||| Stepping randomly (stuck).
  3133 | D:4      | 3133 ||| Stepping randomly (stuck).
  3134 | D:4      | 3134 ||| Stepping randomly (stuck).
  3135 | D:4      | 3135 ||| Stepping randomly (stuck).
  3136 | D:4      | 3136 ||| Stepping randomly (stuck).
  3137 | D:4      | 3137 ||| Stepping randomly (stuck).
  3138 | D:4      | 3138 ||| Stepping randomly (stuck).
  3139 | D:4      | 3139 ||| Stepping randomly (stuck).
  3140 | D:4      | 3140 ||| Stepping randomly (stuck).
  3141 | D:4      | 3141 ||| Stepping randomly (stuck).
  3142 | D:4      | 3142 ||| Stepping randomly (stuck).
  3143 | D:4      | 3143 ||| Stepping randomly (stuck).
  3144 | D:4      | 3144 ||| Stepping randomly (stuck).
  3145 | D:4      | 3145 ||| Stepping randomly (stuck).
  3146 | D:4      | 3146 ||| Stepping randomly (stuck).
  3147 | D:4      | 3147 ||| Stepping randomly (stuck).
  3148 | D:4      | 3148 ||| Stepping randomly (stuck).
  3149 | D:4      | 3149 ||| Stepping randomly (stuck).
  3150 | D:4      | 3150 ||| Stepping randomly (stuck).
  3151 | D:4      | 3151 ||| Stepping randomly (stuck).
  3153 | D:4      | 3153 ||| Stepping randomly (stuck).
  3154 | D:4      | 3154 ||| Stepping randomly (stuck).
  3155 | D:4      | 3155 ||| Stepping randomly (stuck).
  3156 | D:4      | 3156 ||| Stepping randomly (stuck).
  3587 | D:4      | Noticed a black bear
  3603 | D:4      | Killed a black bear
  3604 | D:4      | Reached XP level 5. HP: 16/32 MP: 5/5
  3717 | D:4      | 3717 ||| UPGRADING to +2 pair of gloves.
  3727 | D:4      | 3727 ||| DROPPING +1 pair of gloves.
  3728 | D:4      | 3728 ||| READING 2 scrolls of identify.
  3728 | D:4      | 3728 ||| IDENTIFYING golden potion
  3771 | D:5      | Entered Level 5 of the Dungeon
  3813 | D:5      | 3813 ||| Stepping ~*~*~tactically~*~*~ (stealth).
  3840 | D:5      | Reached XP level 6. HP: 36/37 MP: 6/6
  3866 | D:5      | 3866 ||| Stepping ~*~*~tactically~*~*~ (hiding).
  4083 | D:5      | Reached XP level 7. HP: 43/44 MP: 7/7
  4095 | D:5      | 4095 ||| Stepping ~*~*~tactically~*~*~ (stealth).
  4096 | D:5      | 4096 ||| Stepping ~*~*~tactically~*~*~ (stealth).
  4190 | D:5      | 4190 ||| Stepping ~*~*~tactically~*~*~ (stealth).
  4191 | D:5      | 4191 ||| Stepping ~*~*~tactically~*~*~ (stealth).
  4244 | D:5      | 4244 ||| Stepping ~*~*~tactically~*~*~ (stealth).
  4246 | D:5      | 4246 ||| Stepping ~*~*~tactically~*~*~ (stealth).
  4247 | D:5      | 4247 ||| Stepping ~*~*~tactically~*~*~ (stealth).
  4250 | D:5      | Reached skill level 6 in Axes
  4250 | D:5      | 4250 ||| Stepping ~*~*~tactically~*~*~ (stealth).
  4252 | D:5      | 4252 ||| Stepping ~*~*~tactically~*~*~ (hiding).
  4531 | D:5      | 4531 ||| DRINKING 2 blue potions.
  4532 | D:5      | 4532 ||| DROPPING potion of degeneration.
  4550 | D:6      | 4550 ||| PLANNING SEWER
  4553 | D:6      | 4553 ||| STAIRDANCE
  4560 | D:5      | Reached skill level 6 in Shields
  4658 | D:6      | Noticed a yak
  4658 | D:6      | Noticed a yak
  4659 | D:6      | 4659 ||| Stepping ~*~*~tactically~*~*~ (stealth).
  4661 | D:6      | Noticed a yak
  4662 | D:6      | 4662 ||| Stepping ~*~*~tactically~*~*~ (stealth).
  4665 | D:6      | 4665 ||| Stepping ~*~*~tactically~*~*~ (stealth).
  4669 | D:6      | Noticed a yak
  4674 | D:6      | HP: 9/44 [yak (3)]
  4674 | D:6      | HP: 2/44 [yak (7)]
  4675 | D:6      | 4675 ||| READING scroll of teleportation.
  4676 | D:6      | Slain by a yak

Levels and vault maps discovered:
D:1:      ncdulo_wetmaze, layout_basic, amcnicky_mini_pool_small,
          chequers_hall_statues_y, minmay_tetromino_t2
D:2:      layout_loops_ring
D:3:      layout_loops_ring, ebering_ecumenical_altar_ruins, minmay_surrounded
D:4:      layout_basic, serial_co_window_serial, co_window_paths_a,
          co_window_corner_a, co_window_paths_a, co_window_corner_a,
          co_window_paths_b, co_window_of_opportunity_c, co_window_broadway_a,
          co_window_unsneaky_path_e, co_window_broadway_a, co_window_corner_cb,
          co_window_corner_b, glass_columns_b, glass_columns_a, glass_columns_a
D:5:      layout_loops_ring, chequers_serial_rivers_micro_d
D:6:      layout_loops_ring, marbit_many_paths, minmay_temple_entry_poolview,
          portal_sewer_entry_a, feat_on_display, uniq_pikel, uniq_grinder,
          uniq_eustachio

Skill      XL: |  1  2  3  4  5  6  7 |
---------------+----------------------+-----
Axes           | 2 3 4 5 6 |  6.0
Shields        | 5 6 |  6.1
Fighting       | 4 |  4.4
Armour         | |  3.2

Action                   |  1- 3 |  4- 6 |  7- 9 || total
-------------------------+-------+-------+-------++-------
Melee: War axe           |   122 |   129 |    71 ||   322
  Use: Scroll            |     9 |     3 |     1 ||    13
       Potion            |       |     2 |     1 ||     3
Armor: Scale mail        |    80 |     7 |       ||    87
       Chain mail        |       |    55 |    48 ||   103
Dodge: Dodged            |    51 |    32 |    11 ||    94
Block: Buckler           |    16 |       |       ||    16
       Kite shield       |    21 |    97 |    67 ||   185
       Reflection        |       |     5 |     4 ||     9

Table legend:
 A = Non-vault XP
 B = Vault XP
 C = Vault XP percentage of total XP
 D = Non-vault monster count
 E = Vault monster count
 F = Vault count percentage of total count
                 A         B        C        D         E       F
            +---------+---------+-------+---------+---------+-------
      Total |    1090 |      10 |   0.9 |     105 |       5 |   4.5
            +---------+---------+-------+---------+---------+-------
        D:1 |      37 |       3 |   7.5 |      20 |       2 |   9.1
        D:2 |      29 |       0 |   0.0 |      15 |       0 |   0.0
        D:3 |      41 |       7 |  14.6 |      25 |       3 |  10.7
        D:4 |     168 |       0 |   0.0 |      13 |       0 |   0.0
        D:5 |     785 |       0 |   0.0 |      28 |       0 |   0.0
        D:6 |      30 |       0 |   0.0 |       4 |       0 |   0.0
            +---------+---------+-------+---------+---------+-------
